[ AOE2 MATCH · #466386842 ]
UnrankedShu vs Koreans
[ REPLAY ANALYSIS · EXTRACTED FROM THE RECORDED GAME ]
Feudal
10:31
Castle
14:05
Imperial
38:25
| APM avg | 56.3 |
| APM peak | 101 |
| eAPM avg | 30.0 |
| Villagers / military | 151 / 18 |
Focus
⚔️ 50.8% · 🌾 49.2%
Unknown (1962) ×103 · Unknown (1942) ×64 · Trade Cart ×38 · Mangonel ×11 · Battering Ram ×7 · Unknown (1966) ×1
Feudal
12:40
Castle
21:39
Imperial
32:18
| APM avg | 31.2 |
| APM peak | 65 |
| eAPM avg | 16.0 |
| Villagers / military | 96 / 274 |
Focus
⚔️ 31.8% · 🌾 68.2%
Knight ×214 · Scout Cavalry ×52 · Fishing Ship ×50 · Trade Cart ×46 · Camel Scout ×6 · Trebuchet (Packed) ×2
Feudal
10:34
Castle
14:09
Imperial
28:12
| APM avg | 26.9 |
| APM peak | 46 |
| eAPM avg | 20.5 |
| Villagers / military | 172 / 422 |
Focus
⚔️ 35.5% · 🌾 64.5%
Spearman ×301 · Fire Lancer ×82 · Trade Cart ×40 · Iron Pagoda ×19 · Cannon Galleon ×9 · Trebuchet (Packed) ×6
Feudal
12:46
Castle
16:29
Imperial
45:10
| APM avg | 22.2 |
| APM peak | 39 |
| eAPM avg | 17.6 |
| Villagers / military | 187 / 134 |
Focus
⚔️ 24.8% · 🌾 75.2%
Spearman ×115 · Trade Cart ×16 · Knight ×12 · Bombard Cannon ×5 · Monk ×2
Feudal
11:28
Castle
15:02
Imperial
32:31
| APM avg | 42.0 |
| APM peak | 132 |
| eAPM avg | 27.8 |
| Villagers / military | 160 / 309 |
Focus
⚔️ 41.8% · 🌾 58.2%
Berserk ×286 · Trade Cart ×13 · Spearman ×10 · Mangonel ×7 · Trebuchet (Packed) ×5 · Monk ×1
Feudal
10:51
Castle
17:41
Imperial
34:37
| APM avg | 36.3 |
| APM peak | 73 |
| eAPM avg | 22.6 |
| Villagers / military | 149 / 202 |
Focus
⚔️ 30.5% · 🌾 69.5%
Spearman ×142 · Bombard Cannon ×20 · Militia ×15 · Mangonel ×11 · Gbeto ×9 · Battering Ram ×3
Feudal
10:37
Castle
14:27
Imperial
28:31
| APM avg | 39.1 |
| APM peak | 75 |
| eAPM avg | 24.1 |
| Villagers / military | 154 / 370 |
Focus
⚔️ 49.5% · 🌾 50.5%
Spearman ×238 · Leitis ×116 · Trade Cart ×46 · Bombard Cannon ×10 · Trebuchet (Packed) ×4 · Monk ×2
Feudal
12:06
Castle
16:30
Imperial
33:03
| APM avg | 31.5 |
| APM peak | 61 |
| eAPM avg | 22.9 |
| Villagers / military | 139 / 287 |
Focus
⚔️ 36.2% · 🌾 63.8%
Battle Elephant ×166 · Spearman ×81 · Militia ×36 · Trade Cart ×26 · Fishing Ship ×3 · Unknown (2626) ×3
Match map
Initial resources + every placement click. Lines = walls · curves = elevation contours. ◆ gold · ⬟ stone · ● berries · ✦ relic · ◌ wall gap
Your base· Open — opponent sealed themselves in
Bonkershealer's base· ✓ Closed at 21:39 · 0t walls · no gate
aoclearnarabia's base· ✓ Closed at 14:09 · 13t walls · 1 gate(s)
BderT's base· ✓ Closed at 16:29 · 50t walls · 1 gate(s)
imugemorihasam's base· ✓ Closed at 15:02 · 26t walls · no gate
Mr.J's base· ✓ Closed at 17:41 · 12t walls · no gate
PabloEscobar's base· Open — opponent sealed themselves in
BlackBaby's base· ✓ Closed at 16:30 · 64t walls · no gate
Smoothed initial terrain · ◌ = detected wall gap · hover for details
Inputs per minute
— comastar - - Bonkershealer
Build order — comastar
First 150 of 528 actions detected
| 0:01 | Queue | Villager (Male) |
| 0:01 | Queue | Villager (Male) |
| 0:01 | Queue | Villager (Male) |
| 0:02 | Build | House |
| 0:03 | Build | House |
| 0:14 | Queue | Villager (Male) |
| 1:30 | Queue | Villager (Male) |
| 1:30 | Queue | Villager (Male) |
| 2:01 | Queue | Villager (Male) |
| 2:28 | Queue | Villager (Male) |
| 2:33 | Build | Lumber Camp |
| 2:47 | Queue | Villager (Male) |
| 2:47 | Queue | Villager (Male) |
| 3:20 | Queue | Villager (Male) |
| 3:20 | Queue | Villager (Male) |
| 3:20 | Queue | Villager (Male) |
| 3:52 | Build | House |
| 3:57 | Queue | Villager (Male) |
| 4:28 | Queue | Villager (Male) |
| 4:29 | Queue | Villager (Male) |
| 5:07 | Build | Mill |
| 5:25 | Queue | Villager (Male) |
| 5:39 | Build | House |
| 5:45 | Queue | Villager (Male) |
| 5:49 | Queue | Villager (Male) |
| 6:08 | Queue | Villager (Male) |
| 6:28 | Build | Palisade Wall |
| 6:35 | Queue | Villager (Male) |
| 6:56 | Queue | Villager (Male) |
| 7:08 | Queue | Villager (Male) |
| 7:30 | Build | Palisade Wall |
| 7:40 | Build | Mining Camp |
| 8:14 | Research | Feudal Age |
| 8:59 | Build | House |
| 9:08 | Queue | Villager (Male) |
| 9:36 | Queue | Villager (Male) |
| 10:31 | Age | Feudal Age |
| 10:33 | Build | Blacksmith |
| 10:35 | Build | Market |
| 11:25 | Research | Castle Age |
| 11:25 | Research | Castle Age |
| 11:25 | Research | Castle Age |
| 11:30 | Build | Lumber Camp |
| 11:59 | Build | House |
| 12:07 | Build | Stone Wall |
| 12:09 | Build | Stone Wall |
| 12:14 | Queue | Villager (Male) |
| 12:16 | Research | Double-Bit Axe |
| 12:16 | Research | Double-Bit Axe |
| 12:25 | Build | House |
| 12:44 | Queue | Villager (Male) |
| 13:32 | Queue | Villager (Male) |
| 13:40 | Build | House |
| 14:05 | Age | Castle Age |
| 14:07 | Build | Siege Workshop |
| 14:08 | Build | Siege Workshop |
| 14:24 | Build | Gate |
| 14:27 | Build | House |
| 14:32 | Build | Outpost |
| 14:46 | Queue | Villager (Male) |
| 14:49 | Queue | Mangonel |
| 14:50 | Queue | Unit 1962 |
| 15:04 | Queue | Villager (Male) |
| 15:29 | Queue | Mangonel |
| 15:30 | Queue | Villager (Male) |
| 15:48 | Queue | Unit 1962 |
| 15:50 | Queue | Villager (Male) |
| 16:15 | Queue | Unit 1962 |
| 16:16 | Queue | Villager (Male) |
| 16:40 | Queue | Villager (Male) |
| 16:42 | Queue | Unit 1962 |
| 16:42 | Queue | Unit 1962 |
| 16:55 | Build | House |
| 17:00 | Build | House |
| 17:15 | Queue | Villager (Male) |
| 17:22 | Build | Farm |
| 17:22 | Build | Farm |
| 17:22 | Build | Farm |
| 17:23 | Build | Farm |
| 17:23 | Build | Farm |
| 17:30 | Build | Mining Camp |
| 17:41 | Queue | Mangonel |
| 17:41 | Queue | Mangonel |
| 17:52 | Queue | Villager (Male) |
| 18:27 | Queue | Villager (Male) |
| 18:42 | Queue | Villager (Male) |
| 18:43 | Queue | Unit 1962 |
| 18:43 | Queue | Unit 1962 |
| 18:57 | Queue | Mangonel |
| 18:58 | Queue | Mangonel |
| 19:09 | Queue | Villager (Male) |
| 19:37 | Queue | Villager (Male) |
| 19:39 | Queue | Mangonel |
| 19:39 | Queue | Mangonel |
| 20:13 | Queue | Mangonel |
| 20:13 | Queue | Villager (Male) |
| 20:27 | Build | Farm |
| 20:28 | Build | Farm |
| 20:29 | Build | Farm |
| 20:46 | Queue | Battering Ram |
| 20:46 | Queue | Villager (Male) |
| 20:47 | Queue | Villager (Male) |
| 20:51 | Build | Farm |
| 20:53 | Build | House |
| 21:12 | Queue | Unit 1962 |
| 21:13 | Queue | Unit 1962 |
| 21:28 | Queue | Battering Ram |
| 21:28 | Queue | Battering Ram |
| 21:31 | Queue | Villager (Male) |
| 21:33 | Build | Farm |
| 21:37 | Queue | Mangonel |
| 21:37 | Queue | Mangonel |
| 21:47 | Build | Farm |
| 21:48 | Build | Farm |
| 21:59 | Queue | Villager (Male) |
| 22:09 | Queue | Villager (Male) |
| 22:26 | Queue | Unit 1962 |
| 22:26 | Queue | Unit 1962 |
| 22:26 | Queue | Unit 1962 |
| 22:45 | Queue | Villager (Male) |
| 22:45 | Queue | Villager (Male) |
| 22:46 | Queue | Unit 1962 |
| 22:46 | Queue | Unit 1962 |
| 22:46 | Queue | Unit 1962 |
| 23:39 | Queue | Unit 1962 |
| 23:39 | Queue | Unit 1962 |
| 23:39 | Queue | Unit 1962 |
| 23:40 | Queue | Villager (Male) |
| 23:43 | Build | House |
| 23:43 | Build | House |
| 23:45 | Build | House |
| 24:05 | Queue | Villager (Male) |
| 24:05 | Queue | Villager (Male) |
| 24:09 | Build | Town Center |
| 24:23 | Queue | Unit 1962 |
| 24:23 | Queue | Unit 1962 |
| 24:42 | Queue | Battering Ram |
| 24:42 | Queue | Battering Ram |
| 25:02 | Queue | Battering Ram |
| 25:02 | Queue | Battering Ram |
| 25:03 | Queue | Villager (Male) |
| 25:07 | Build | Farm |
| 25:07 | Build | Farm |
| 25:08 | Build | Farm |
| 25:33 | Queue | Villager (Male) |
| 25:34 | Queue | Villager (Male) |
| 25:34 | Queue | Villager (Male) |
| 25:35 | Queue | Villager (Male) |
| 25:37 | Queue | Villager (Male) |
| 25:37 | Queue | Villager (Male) |
Build order — Bonkershealer
First 150 of 456 actions detected
| 0:00 | Queue | Villager (Male) |
| 0:01 | Queue | Villager (Male) |
| 0:03 | Build | House |
| 0:03 | Queue | Villager (Male) |
| 0:03 | Queue | Villager (Male) |
| 0:04 | Build | House |
| 1:23 | Queue | Villager (Male) |
| 2:03 | Queue | Villager (Male) |
| 2:19 | Queue | Villager (Male) |
| 2:24 | Build | Lumber Camp |
| 2:56 | Queue | Villager (Male) |
| 2:56 | Queue | Villager (Male) |
| 3:40 | Queue | Villager (Male) |
| 3:47 | Queue | Villager (Male) |
| 3:49 | Build | House |
| 4:24 | Queue | Villager (Male) |
| 4:37 | Queue | Villager (Male) |
| 5:09 | Build | Dock |
| 5:14 | Queue | Villager (Male) |
| 5:23 | Queue | Villager (Male) |
| 5:29 | Build | House |
| 5:54 | Queue | Villager (Male) |
| 6:00 | Queue | Fishing Ship |
| 6:15 | Queue | Villager (Male) |
| 6:25 | Queue | Fishing Ship |
| 6:46 | Queue | Villager (Male) |
| 6:59 | Queue | Villager (Male) |
| 7:07 | Queue | Fishing Ship |
| 7:34 | Research | Loom |
| 7:36 | Build | House |
| 7:53 | Queue | Villager (Male) |
| 7:54 | Queue | Fishing Ship |
| 8:07 | Build | House |
| 8:12 | Queue | Villager (Male) |
| 8:56 | Queue | Villager (Male) |
| 9:13 | Build | House |
| 9:14 | Build | House |
| 9:14 | Build | House |
| 9:19 | Build | Lumber Camp |
| 9:21 | Build | Mill |
| 9:25 | Queue | Villager (Male) |
| 9:51 | Queue | Villager (Male) |
| 10:30 | Research | Feudal Age |
| 10:48 | Build | House |
| 10:50 | Build | House |
| 10:50 | Build | House |
| 10:54 | Queue | Fishing Ship |
| 11:29 | Queue | Fishing Ship |
| 11:37 | Queue | Fishing Ship |
| 11:51 | Build | Dock |
| 11:54 | Queue | Villager (Male) |
| 12:08 | Build | House |
| 12:13 | Build | House |
| 12:14 | Build | House |
| 12:31 | Queue | Villager (Male) |
| 12:40 | Age | Feudal Age |
| 12:42 | Build | Town Center |
| 12:48 | Research | Double-Bit Axe |
| 12:49 | Research | Tech 906 |
| 12:53 | Queue | Villager (Male) |
| 13:00 | Build | Fish Trap |
| 13:02 | Build | Fish Trap |
| 13:10 | Queue | Villager (Male) |
| 13:17 | Queue | Villager (Male) |
| 13:24 | Build | Fish Trap |
| 13:32 | Queue | Villager (Male) |
| 13:40 | Build | House |
| 13:43 | Build | House |
| 14:10 | Queue | Fishing Ship |
| 14:22 | Queue | Villager (Male) |
| 14:24 | Queue | Villager (Male) |
| 14:31 | Queue | Villager (Male) |
| 14:35 | Queue | Villager (Male) |
| 14:36 | Queue | Fishing Ship |
| 14:36 | Queue | Fishing Ship |
| 14:45 | Queue | Villager (Male) |
| 14:48 | Queue | Villager (Male) |
| 14:50 | Queue | Fishing Ship |
| 14:52 | Queue | Villager (Male) |
| 15:09 | Queue | Villager (Male) |
| 15:17 | Queue | Fishing Ship |
| 15:17 | Queue | Fishing Ship |
| 15:26 | Build | Fish Trap |
| 15:40 | Build | Fish Trap |
| 15:48 | Queue | Villager (Male) |
| 15:56 | Queue | Fishing Ship |
| 16:03 | Build | Fish Trap |
| 16:09 | Build | Fish Trap |
| 16:12 | Queue | Fishing Ship |
| 16:17 | Build | Fish Trap |
| 16:24 | Queue | Villager (Male) |
| 16:52 | Queue | Villager (Male) |
| 16:54 | Queue | Fishing Ship |
| 16:54 | Queue | Fishing Ship |
| 16:55 | Queue | Villager (Male) |
| 16:59 | Build | Fish Trap |
| 17:13 | Build | Market |
| 17:19 | Queue | Villager (Male) |
| 17:22 | Queue | Villager (Male) |
| 17:33 | Queue | Fishing Ship |
| 17:33 | Queue | Fishing Ship |
| 17:34 | Queue | Villager (Male) |
| 17:39 | Build | Fish Trap |
| 17:42 | Build | Fish Trap |
| 17:52 | Build | Fish Trap |
| 17:55 | Build | Fish Trap |
| 17:57 | Queue | Villager (Male) |
| 18:07 | Build | Blacksmith |
| 18:12 | Queue | Villager (Male) |
| 18:20 | Build | Barracks |
| 18:21 | Queue | Villager (Male) |
| 18:24 | Queue | Villager (Male) |
| 18:40 | Build | Fish Trap |
| 18:42 | Queue | Fishing Ship |
| 18:42 | Queue | Fishing Ship |
| 18:59 | Research | Castle Age |
| 19:00 | Queue | Villager (Male) |
| 19:12 | Build | House |
| 19:14 | Build | House |
| 19:25 | Build | Siege Workshop |
| 19:37 | Build | Stable |
| 19:44 | Queue | Villager (Male) |
| 19:50 | Build | Stable |
| 19:52 | Research | Scale Barding Armor |
| 19:53 | Queue | Villager (Male) |
| 19:58 | Queue | Villager (Male) |
| 20:06 | Build | Fish Trap |
| 20:07 | Queue | Villager (Male) |
| 20:11 | Build | Fish Trap |
| 20:14 | Build | Fish Trap |
| 20:18 | Build | Fish Trap |
| 20:21 | Build | Fish Trap |
| 20:24 | Build | Fish Trap |
| 20:28 | Queue | Fishing Ship |
| 20:30 | Queue | Fishing Ship |
| 20:31 | Queue | Villager (Male) |
| 20:37 | Build | Mining Camp |
| 20:48 | Research | Bloodlines |
| 20:50 | Research | Forging |
| 20:53 | Build | House |
| 20:56 | Build | House |
| 21:01 | Build | Fish Trap |
| 21:10 | Queue | Villager (Male) |
| 21:15 | Build | House |
| 21:16 | Build | House |
| 21:20 | Build | Fish Trap |
| 21:27 | Build | Fish Trap |
| 21:28 | Queue | Villager (Male) |
| 21:39 | Age | Castle Age |
| 21:40 | Build | Dock |
Build order — aoclearnarabia
First 150 of 531 actions detected
| 0:02 | Queue | Villager (Male) |
| 0:02 | Queue | Villager (Male) |
| 0:02 | Queue | Villager (Male) |
| 0:03 | Build | House |
| 0:05 | Build | House |
| 0:33 | Queue | Villager (Male) |
| 0:33 | Queue | Villager (Male) |
| 1:25 | Queue | Villager (Male) |
| 1:25 | Queue | Villager (Male) |
| 1:52 | Build | Lumber Camp |
| 2:02 | Queue | Villager (Male) |
| 2:03 | Queue | Villager (Male) |
| 2:19 | Queue | Villager (Male) |
| 2:20 | Queue | Villager (Male) |
| 2:37 | Queue | Villager (Male) |
| 3:15 | Queue | Villager (Male) |
| 3:15 | Queue | Villager (Male) |
| 3:39 | Queue | Villager (Male) |
| 3:39 | Queue | Villager (Male) |
| 3:50 | Build | House |
| 4:06 | Queue | Villager (Male) |
| 4:06 | Queue | Villager (Male) |
| 4:15 | Build | Mill |
| 4:25 | Queue | Villager (Male) |
| 4:45 | Queue | Villager (Male) |
| 5:15 | Queue | Villager (Male) |
| 5:17 | Queue | Villager (Male) |
| 5:21 | Build | House |
| 5:45 | Queue | Villager (Male) |
| 5:59 | Build | House |
| 6:01 | Queue | Villager (Male) |
| 6:02 | Queue | Villager (Male) |
| 6:34 | Queue | Villager (Male) |
| 6:56 | Queue | Villager (Male) |
| 7:23 | Queue | Villager (Male) |
| 7:43 | Build | Lumber Camp |
| 8:24 | Research | Feudal Age |
| 10:34 | Age | Feudal Age |
| 10:37 | Build | Market |
| 10:38 | Queue | Villager (Male) |
| 10:43 | Build | Blacksmith |
| 10:59 | Queue | Villager (Male) |
| 11:29 | Research | Castle Age |
| 11:30 | Research | Castle Age |
| 11:51 | Build | Palisade Wall |
| 11:55 | Research | Horse Collar |
| 12:14 | Research | Double-Bit Axe |
| 12:17 | Build | Farm |
| 12:21 | Build | Farm |
| 12:37 | Build | Farm |
| 12:41 | Build | Farm |
| 12:42 | Build | Farm |
| 12:48 | Build | Palisade Gate |
| 14:04 | Queue | Villager (Male) |
| 14:09 | Age | Castle Age |
| 14:11 | Build | Town Center |
| 14:14 | Research | Bow Saw |
| 14:17 | Queue | Villager (Male) |
| 14:20 | Build | Town Center |
| 14:51 | Queue | Villager (Male) |
| 14:57 | Research | Heavy Plow |
| 15:15 | Build | Farm |
| 15:16 | Queue | Villager (Male) |
| 15:18 | Build | Farm |
| 15:43 | Queue | Villager (Male) |
| 15:46 | Queue | Villager (Male) |
| 15:48 | Build | Farm |
| 15:50 | Build | Farm |
| 15:59 | Build | Farm |
| 16:06 | Queue | Villager (Male) |
| 16:10 | Build | Farm |
| 16:12 | Queue | Villager (Male) |
| 16:23 | Build | Farm |
| 16:28 | Queue | Villager (Male) |
| 16:28 | Queue | Villager (Male) |
| 16:32 | Build | Farm |
| 16:39 | Queue | Villager (Male) |
| 16:47 | Research | Loom |
| 16:49 | Build | Farm |
| 16:53 | Queue | Villager (Male) |
| 17:00 | Build | Farm |
| 17:03 | Queue | Villager (Male) |
| 17:07 | Build | House |
| 17:12 | Queue | Villager (Male) |
| 17:18 | Build | Farm |
| 17:19 | Queue | Villager (Male) |
| 17:28 | Build | Farm |
| 17:33 | Queue | Villager (Male) |
| 17:35 | Queue | Villager (Male) |
| 17:40 | Build | House |
| 17:44 | Queue | Villager (Male) |
| 17:53 | Build | Farm |
| 17:54 | Queue | Villager (Male) |
| 18:03 | Build | Farm |
| 18:05 | Queue | Villager (Male) |
| 18:16 | Queue | Villager (Male) |
| 18:17 | Queue | Villager (Male) |
| 18:25 | Build | House |
| 18:26 | Queue | Villager (Male) |
| 18:30 | Build | House |
| 18:37 | Queue | Villager (Male) |
| 18:38 | Queue | Villager (Male) |
| 18:40 | Build | Farm |
| 18:41 | Queue | Villager (Male) |
| 18:41 | Queue | Villager (Male) |
| 18:44 | Build | Farm |
| 18:54 | Queue | Villager (Male) |
| 18:56 | Queue | Villager (Male) |
| 19:20 | Research | Wheelbarrow |
| 19:24 | Queue | Villager (Male) |
| 19:28 | Build | Town Center |
| 19:37 | Build | House |
| 19:38 | Queue | Villager (Male) |
| 19:42 | Build | Farm |
| 19:43 | Build | Farm |
| 19:44 | Queue | Villager (Male) |
| 19:46 | Queue | Villager (Male) |
| 19:54 | Queue | Villager (Male) |
| 19:56 | Build | Farm |
| 19:58 | Queue | Villager (Male) |
| 20:02 | Build | Farm |
| 20:08 | Build | House |
| 20:09 | Build | House |
| 20:15 | Queue | Villager (Male) |
| 20:21 | Build | Farm |
| 20:22 | Queue | Villager (Male) |
| 20:24 | Queue | Villager (Male) |
| 20:26 | Build | Gate |
| 20:30 | Build | Stone Wall |
| 20:31 | Build | Stone Wall |
| 20:33 | Queue | Villager (Male) |
| 20:36 | Queue | Villager (Male) |
| 20:42 | Build | Farm |
| 20:43 | Build | Farm |
| 20:44 | Build | Farm |
| 20:46 | Queue | Villager (Male) |
| 20:55 | Build | House |
| 20:56 | Queue | Villager (Male) |
| 21:01 | Queue | Villager (Male) |
| 21:05 | Build | Farm |
| 21:08 | Build | Farm |
| 21:09 | Build | Farm |
| 21:11 | Queue | Villager (Male) |
| 21:12 | Queue | Villager (Male) |
| 21:15 | Build | Farm |
| 21:17 | Queue | Villager (Male) |
| 21:20 | Queue | Villager (Male) |
| 21:26 | Build | Farm |
| 21:27 | Queue | Villager (Male) |
| 21:29 | Build | Farm |
Build order — BderT
First 150 of 465 actions detected
| 0:00 | Queue | Villager (Male) ×4 |
| 0:02 | Build | House |
| 0:03 | Build | House |
| 1:03 | Research | Loom |
| 1:04 | Queue | Villager (Male) |
| 1:34 | Build | Palisade Wall |
| 1:39 | Queue | Villager (Male) |
| 2:02 | Queue | Villager (Male) |
| 2:25 | Queue | Villager (Male) |
| 2:54 | Build | Palisade Wall |
| 3:13 | Queue | Villager (Male) |
| 3:14 | Queue | Villager (Male) |
| 3:19 | Build | Lumber Camp |
| 3:24 | Build | Palisade Wall |
| 3:26 | Build | Palisade Wall |
| 3:39 | Build | Palisade Wall |
| 3:47 | Queue | Villager (Male) |
| 3:57 | Build | Palisade Wall |
| 4:26 | Queue | Villager (Male) |
| 4:40 | Build | Palisade Wall |
| 4:43 | Queue | Villager (Male) |
| 4:50 | Build | House |
| 5:22 | Queue | Villager (Male) |
| 5:26 | Queue | Villager (Male) |
| 5:35 | Build | Palisade Wall |
| 5:37 | Build | Palisade Wall |
| 5:38 | Build | Palisade Wall |
| 5:57 | Build | Palisade Wall |
| 6:24 | Build | Palisade Wall |
| 6:27 | Build | Mill |
| 6:38 | Queue | Villager (Male) |
| 6:43 | Queue | Villager (Male) |
| 7:24 | Build | House |
| 7:32 | Queue | Villager (Male) |
| 7:38 | Queue | Villager (Male) |
| 7:45 | Queue | Villager (Male) |
| 7:45 | Queue | Villager (Male) |
| 8:22 | Queue | Villager (Male) |
| 8:25 | Build | Palisade Wall |
| 8:33 | Build | Palisade Wall |
| 8:42 | Build | House |
| 8:49 | Queue | Villager (Male) |
| 8:57 | Queue | Villager (Male) |
| 8:57 | Queue | Villager (Male) |
| 9:06 | Queue | Villager (Male) |
| 9:07 | Queue | Villager (Male) |
| 9:28 | Queue | Villager (Male) |
| 9:51 | Build | Mining Camp |
| 10:24 | Research | Feudal Age |
| 10:41 | Build | Palisade Wall |
| 11:02 | Build | Outpost |
| 11:30 | Build | House |
| 11:45 | Build | Farm |
| 11:47 | Build | Farm |
| 11:51 | Build | Farm |
| 11:54 | Build | Farm |
| 12:10 | Build | Farm |
| 12:23 | Queue | Villager (Male) |
| 12:23 | Queue | Villager (Male) |
| 12:46 | Age | Feudal Age |
| 12:50 | Build | Market |
| 12:54 | Build | Blacksmith |
| 13:25 | Queue | Villager (Male) |
| 13:49 | Research | Castle Age |
| 14:10 | Build | Stone Wall |
| 14:17 | Build | Stone Wall |
| 14:29 | Build | Barracks |
| 15:16 | Build | Stone Wall |
| 15:20 | Build | Stone Wall |
| 15:38 | Build | Gate |
| 15:44 | Build | Stable |
| 15:54 | Build | Stone Wall |
| 16:00 | Build | Stone Wall |
| 16:29 | Age | Castle Age |
| 16:34 | Queue | Knight |
| 16:35 | Build | Stable |
| 16:37 | Queue | Villager (Male) |
| 16:44 | Queue | Villager (Male) |
| 16:52 | Build | Farm |
| 16:57 | Queue | Knight |
| 16:57 | Queue | Knight |
| 16:59 | Queue | Villager (Male) |
| 17:14 | Build | House |
| 17:23 | Queue | Knight |
| 17:23 | Queue | Knight |
| 17:25 | Queue | Villager (Male) |
| 17:41 | Build | House |
| 17:49 | Queue | Villager (Male) |
| 18:26 | Queue | Villager (Male) |
| 18:31 | Build | Farm |
| 18:32 | Build | Farm |
| 18:50 | Queue | Villager (Male) |
| 18:59 | Queue | Villager (Male) |
| 19:01 | Build | Farm |
| 19:02 | Build | Farm |
| 19:03 | Build | Farm |
| 19:10 | Queue | Villager (Male) |
| 19:20 | Queue | Villager (Male) |
| 19:24 | Build | Stone Wall |
| 19:35 | Research | Double-Bit Axe |
| 19:45 | Build | Monastery |
| 19:50 | Queue | Villager (Male) |
| 20:35 | Queue | Villager (Male) |
| 20:50 | Build | Town Center |
| 20:51 | Queue | Monk |
| 20:56 | Build | Stone Wall |
| 21:02 | Queue | Villager (Male) |
| 21:04 | Build | House |
| 21:13 | Research | Horse Collar |
| 21:21 | Build | Gate |
| 21:30 | Queue | Villager (Male) |
| 21:35 | Queue | Knight |
| 21:35 | Queue | Knight |
| 21:37 | Queue | Villager (Male) |
| 22:00 | Queue | Villager (Male) |
| 22:07 | Queue | Villager (Male) |
| 22:20 | Build | Farm |
| 22:22 | Build | Farm |
| 22:23 | Queue | Villager (Male) |
| 22:24 | Queue | Villager (Male) |
| 22:28 | Build | Farm |
| 22:30 | Build | Farm |
| 22:33 | Build | House |
| 22:34 | Queue | Villager (Male) |
| 22:42 | Queue | Knight |
| 22:44 | Queue | Villager (Male) |
| 23:03 | Queue | Villager (Male) |
| 23:11 | Build | House |
| 23:13 | Queue | Villager (Male) |
| 23:21 | Queue | Knight |
| 23:39 | Queue | Monk |
| 23:41 | Queue | Villager (Male) |
| 24:06 | Research | Forging |
| 24:08 | Queue | Villager (Male) |
| 24:17 | Queue | Villager (Male) |
| 24:22 | Queue | Knight |
| 24:31 | Build | Mining Camp |
| 24:32 | Queue | Villager (Male) |
| 24:42 | Queue | Villager (Male) |
| 24:48 | Build | Mining Camp |
| 25:04 | Queue | Spearman |
| 25:06 | Queue | Knight |
| 25:11 | Build | Farm |
| 25:16 | Build | House |
| 25:30 | Queue | Villager (Male) |
| 25:33 | Queue | Spearman |
| 25:54 | Build | Lumber Camp |
| 26:05 | Queue | Villager (Male) |
| 26:25 | Queue | Villager (Male) |
| 26:28 | Build | Stable |
Build order — imugemorihasam
First 150 of 730 actions detected
| 0:01 | Queue | Villager (Male) |
| 0:01 | Queue | Villager (Male) |
| 0:02 | Queue | Villager (Male) |
| 0:02 | Build | House |
| 0:03 | Build | House |
| 0:33 | Queue | Villager (Male) |
| 0:44 | Build | Palisade Wall |
| 1:25 | Queue | Villager (Male) |
| 2:09 | Build | Palisade Wall |
| 2:12 | Queue | Villager (Male) |
| 2:16 | Build | Palisade Wall |
| 2:34 | Queue | Villager (Male) |
| 2:38 | Build | Lumber Camp |
| 2:57 | Queue | Villager (Male) |
| 3:13 | Queue | Villager (Male) |
| 3:28 | Build | Palisade Wall |
| 3:52 | Queue | Villager (Male) |
| 4:26 | Queue | Villager (Male) |
| 4:32 | Build | House |
| 4:55 | Queue | Villager (Male) |
| 5:06 | Build | House |
| 5:18 | Queue | Villager (Male) |
| 5:24 | Build | Mill |
| 5:35 | Queue | Villager (Male) |
| 6:07 | Build | House |
| 6:19 | Queue | Villager (Male) |
| 6:19 | Queue | Villager (Male) |
| 6:19 | Queue | Villager (Male) |
| 6:47 | Queue | Villager (Male) |
| 7:32 | Queue | Villager (Male) |
| 7:41 | Build | Palisade Wall |
| 7:45 | Build | Palisade Wall |
| 7:59 | Build | House |
| 8:20 | Queue | Villager (Male) |
| 8:47 | Queue | Villager (Male) |
| 8:49 | Build | Mining Camp |
| 9:18 | Research | Feudal Age |
| 10:07 | Queue | Villager (Male) |
| 10:07 | Queue | Villager (Male) |
| 11:28 | Age | Feudal Age |
| 11:30 | Build | Market |
| 11:36 | Build | Blacksmith |
| 12:22 | Research | Castle Age |
| 12:22 | Research | Castle Age |
| 13:06 | Build | Lumber Camp |
| 13:22 | Build | Stone Wall |
| 13:46 | Research | Double-Bit Axe |
| 13:53 | Research | Horse Collar |
| 14:24 | Queue | Villager (Male) |
| 14:24 | Queue | Villager (Male) |
| 15:02 | Age | Castle Age |
| 15:04 | Build | Siege Workshop |
| 15:07 | Queue | Villager (Male) |
| 15:12 | Research | Bow Saw |
| 15:19 | Research | Heavy Plow |
| 15:37 | Build | Farm |
| 15:39 | Build | Farm |
| 15:46 | Build | Farm |
| 15:48 | Queue | Villager (Male) |
| 15:54 | Build | House |
| 16:08 | Build | House |
| 16:17 | Build | Stone Wall |
| 16:19 | Queue | Villager (Male) |
| 16:20 | Queue | Villager (Male) |
| 16:22 | Build | House |
| 16:27 | Queue | Mangonel |
| 16:35 | Build | House |
| 16:44 | Build | Town Center |
| 17:01 | Queue | Villager (Male) |
| 17:04 | Build | Farm |
| 17:06 | Build | Farm |
| 17:22 | Build | House |
| 17:26 | Build | House |
| 17:35 | Queue | Mangonel |
| 17:48 | Queue | Villager (Male) |
| 17:50 | Build | Farm |
| 18:40 | Queue | Villager (Male) |
| 18:40 | Queue | Villager (Male) |
| 18:41 | Queue | Villager (Male) |
| 18:47 | Build | House |
| 18:52 | Build | Town Center |
| 18:54 | Build | Farm |
| 18:56 | Build | Farm |
| 19:01 | Queue | Villager (Male) |
| 19:01 | Queue | Villager (Male) |
| 19:01 | Queue | Villager (Male) |
| 19:08 | Build | Farm |
| 19:10 | Build | Farm |
| 19:10 | Build | Farm |
| 19:36 | Build | House |
| 19:37 | Queue | Villager (Male) |
| 19:37 | Queue | Villager (Male) |
| 19:41 | Build | Farm |
| 19:43 | Build | Farm |
| 20:23 | Queue | Villager (Male) |
| 20:23 | Queue | Villager (Male) |
| 20:23 | Queue | Villager (Male) |
| 20:24 | Queue | Villager (Male) |
| 20:36 | Build | House |
| 20:37 | Build | House |
| 20:39 | Build | Farm |
| 20:43 | Build | Farm |
| 20:43 | Build | Farm |
| 20:48 | Build | Town Center |
| 20:50 | Queue | Villager (Male) |
| 20:57 | Build | Farm |
| 21:00 | Build | Farm |
| 21:02 | Build | Farm |
| 21:05 | Build | Farm |
| 21:08 | Build | Farm |
| 21:11 | Build | Farm |
| 21:13 | Queue | Villager (Male) |
| 21:18 | Queue | Villager (Male) |
| 21:22 | Build | Farm |
| 21:26 | Queue | Villager (Male) |
| 21:26 | Queue | Villager (Male) |
| 21:27 | Queue | Villager (Male) |
| 21:27 | Queue | Villager (Male) |
| 21:36 | Build | House |
| 21:37 | Build | House |
| 21:42 | Queue | Mangonel |
| 21:43 | Queue | Villager (Male) |
| 21:43 | Queue | Villager (Male) |
| 21:58 | Build | Lumber Camp |
| 22:12 | Queue | Villager (Male) |
| 22:12 | Queue | Villager (Male) |
| 22:12 | Queue | Villager (Male) |
| 22:13 | Queue | Villager (Male) |
| 22:16 | Build | Farm |
| 22:17 | Build | Farm |
| 22:25 | Build | House |
| 22:29 | Queue | Villager (Male) |
| 22:30 | Queue | Villager (Male) |
| 22:30 | Queue | Villager (Male) |
| 22:30 | Queue | Villager (Male) |
| 22:31 | Queue | Villager (Male) |
| 22:45 | Queue | Villager (Male) |
| 22:45 | Queue | Villager (Male) |
| 22:46 | Queue | Villager (Male) |
| 22:46 | Queue | Villager (Male) |
| 23:11 | Queue | Mangonel |
| 23:11 | Queue | Villager (Male) |
| 23:12 | Queue | Villager (Male) |
| 23:12 | Queue | Villager (Male) |
| 23:40 | Queue | Villager (Male) |
| 23:40 | Queue | Villager (Male) |
| 23:40 | Queue | Villager (Male) |
| 23:41 | Queue | Mangonel |
| 23:45 | Build | Barracks |
| 24:04 | Queue | Villager (Male) |
Build order — Mr.J
First 150 of 350 actions detected
| 0:02 | Queue | Villager (Male) ×4 |
| 0:03 | Build | House |
| 0:04 | Build | House |
| 0:17 | Research | Loom |
| 0:34 | Queue | Villager (Male) ×3 |
| 0:34 | Queue | Villager (Male) ×3 |
| 0:34 | Queue | Villager (Male) ×3 |
| 0:41 | Build | Palisade Wall |
| 1:41 | Build | Lumber Camp |
| 1:53 | Queue | Villager (Male) |
| 1:53 | Queue | Villager (Male) |
| 2:26 | Queue | Villager (Male) |
| 2:26 | Queue | Villager (Male) |
| 2:26 | Queue | Villager (Male) |
| 2:49 | Queue | Villager (Male) |
| 2:49 | Queue | Villager (Male) |
| 3:14 | Queue | Villager (Male) |
| 3:15 | Queue | Villager (Male) |
| 3:15 | Queue | Villager (Male) |
| 3:49 | Queue | Villager (Male) |
| 3:56 | Build | House |
| 4:04 | Queue | Villager (Male) |
| 4:04 | Queue | Villager (Male) |
| 4:04 | Queue | Villager (Male) |
| 4:21 | Build | Lumber Camp |
| 4:51 | Queue | Villager (Male) |
| 4:51 | Queue | Villager (Male) |
| 5:15 | Queue | Villager (Male) |
| 5:15 | Queue | Villager (Male) |
| 5:54 | Queue | Villager (Male) ×2 |
| 5:54 | Queue | Villager (Male) ×2 |
| 5:54 | Queue | Villager (Male) ×2 |
| 5:56 | Queue | Villager (Male) |
| 5:56 | Queue | Villager (Male) |
| 6:02 | Build | House |
| 6:28 | Queue | Villager (Male) |
| 7:03 | Build | Mill |
| 7:46 | Build | Mining Camp |
| 7:47 | Queue | Villager (Male) |
| 8:41 | Research | Feudal Age |
| 9:35 | Queue | Villager (Male) |
| 9:35 | Queue | Villager (Male) |
| 10:37 | Queue | Villager (Male) |
| 10:51 | Age | Feudal Age |
| 10:54 | Build | Watch Tower |
| 11:11 | Queue | Villager (Male) |
| 11:23 | Build | Market |
| 11:57 | Build | House |
| 12:26 | Build | Mining Camp |
| 13:08 | Build | Watch Tower |
| 13:17 | Build | Dock |
| 13:24 | Queue | Villager (Male) |
| 13:24 | Queue | Villager (Male) |
| 13:49 | Queue | Unit 2626 |
| 14:09 | Build | Blacksmith |
| 14:30 | Build | Stone Wall |
| 15:01 | Research | Castle Age |
| 15:01 | Research | Castle Age |
| 16:16 | Build | House |
| 16:45 | Research | Double-Bit Axe |
| 17:17 | Queue | Unit 2626 |
| 17:24 | Queue | Villager (Male) |
| 17:41 | Age | Castle Age |
| 18:00 | Queue | Villager (Male) |
| 18:28 | Build | Castle |
| 18:36 | Build | Farm |
| 18:37 | Queue | Villager (Male) |
| 18:40 | Build | Town Center |
| 19:29 | Queue | Villager (Male) |
| 19:41 | Build | Lumber Camp |
| 19:43 | Queue | Gbeto |
| 19:47 | Queue | Gbeto |
| 19:53 | Build | Farm |
| 19:54 | Research | Horse Collar |
| 20:19 | Queue | Gbeto |
| 20:19 | Queue | Gbeto |
| 20:38 | Queue | Gbeto |
| 21:14 | Queue | Petard |
| 21:28 | Queue | Transport Ship |
| 21:40 | Queue | Gbeto |
| 21:40 | Queue | Gbeto |
| 21:46 | Queue | Villager (Male) |
| 21:51 | Build | Farm |
| 21:52 | Build | Farm |
| 21:53 | Build | Farm |
| 21:54 | Build | Farm |
| 22:00 | Build | Farm |
| 22:01 | Build | Farm |
| 22:02 | Build | Farm |
| 22:03 | Build | Farm |
| 22:04 | Build | Farm |
| 22:09 | Queue | Gbeto |
| 22:10 | Queue | Gbeto |
| 23:07 | Queue | Villager (Male) |
| 23:10 | Queue | Villager (Male) |
| 23:10 | Queue | Villager (Male) |
| 23:15 | Research | Heavy Plow |
| 23:16 | Research | Heavy Plow |
| 23:48 | Build | Lumber Camp |
| 24:40 | Build | Farm |
| 24:40 | Build | Farm |
| 24:41 | Build | Farm |
| 24:45 | Research | Bow Saw |
| 24:47 | Queue | Villager (Male) |
| 24:48 | Queue | Villager (Male) |
| 25:16 | Queue | Villager (Male) |
| 25:17 | Queue | Villager (Male) |
| 25:22 | Build | Town Center |
| 25:30 | Queue | Villager (Male) ×5 |
| 25:30 | Queue | Villager (Male) ×5 |
| 25:46 | Queue | Villager (Male) |
| 26:32 | Queue | Villager (Male) |
| 26:33 | Queue | Villager (Male) |
| 26:33 | Queue | Villager (Male) |
| 26:56 | Queue | Villager (Male) |
| 27:02 | Build | Town Center |
| 27:18 | Build | Stone Wall |
| 27:26 | Build | Farm |
| 27:28 | Build | Farm |
| 27:31 | Build | Farm |
| 27:32 | Build | Farm |
| 27:33 | Build | Farm |
| 27:36 | Queue | Villager (Male) ×5 |
| 28:00 | Queue | Villager (Male) |
| 28:00 | Queue | Villager (Male) |
| 28:02 | Build | Farm |
| 28:03 | Build | Farm |
| 28:04 | Build | Farm |
| 28:05 | Build | Farm |
| 28:07 | Build | Farm |
| 28:08 | Build | Farm |
| 28:09 | Build | Farm |
| 28:50 | Build | Stone Wall |
| 28:57 | Build | Stone Wall |
| 28:58 | Build | Stone Wall |
| 28:59 | Build | Stone Wall |
| 29:01 | Build | Stone Wall |
| 29:11 | Build | Town Center |
| 29:14 | Queue | Villager (Male) ×5 |
| 29:31 | Build | Farm |
| 29:32 | Build | Farm |
| 29:33 | Build | Farm |
| 29:34 | Build | Farm |
| 29:42 | Research | Wheelbarrow |
| 29:42 | Research | Wheelbarrow |
| 29:42 | Research | Wheelbarrow |
| 29:43 | Queue | Villager (Male) ×5 |
| 30:41 | Build | Stone Wall |
| 30:47 | Build | Stone Wall |
| 31:24 | Build | University |
Build order — PabloEscobar
First 150 of 726 actions detected
| 0:02 | Queue | Villager (Male) |
| 0:02 | Queue | Villager (Male) |
| 0:02 | Queue | Villager (Male) |
| 0:02 | Queue | Villager (Male) |
| 0:03 | Queue | Villager (Male) |
| 0:03 | Queue | Villager (Male) |
| 0:04 | Build | House |
| 0:05 | Build | House |
| 1:24 | Queue | Villager (Male) |
| 1:24 | Queue | Villager (Male) |
| 2:05 | Queue | Villager (Male) |
| 2:05 | Queue | Villager (Male) |
| 2:30 | Queue | Villager (Male) |
| 2:31 | Queue | Villager (Male) |
| 2:50 | Build | Lumber Camp |
| 3:50 | Queue | Villager (Male) |
| 3:50 | Queue | Villager (Male) |
| 3:50 | Queue | Villager (Male) |
| 4:08 | Queue | Villager (Male) |
| 4:08 | Queue | Villager (Male) |
| 4:08 | Queue | Villager (Male) |
| 4:19 | Build | House |
| 5:16 | Queue | Villager (Male) |
| 5:16 | Queue | Villager (Male) |
| 5:21 | Build | House |
| 5:22 | Queue | Villager (Male) |
| 5:22 | Queue | Villager (Male) |
| 5:23 | Queue | Villager (Male) |
| 5:23 | Queue | Villager (Male) |
| 5:49 | Build | Mill |
| 6:32 | Queue | Villager (Male) |
| 6:33 | Queue | Villager (Male) |
| 8:06 | Build | Mining Camp |
| 8:27 | Research | Feudal Age |
| 9:40 | Build | House |
| 9:58 | Queue | Villager (Male) |
| 9:58 | Queue | Villager (Male) |
| 10:37 | Age | Feudal Age |
| 10:51 | Build | Market |
| 10:53 | Build | Blacksmith |
| 11:17 | Research | Double-Bit Axe |
| 11:47 | Research | Castle Age |
| 12:25 | Research | Horse Collar |
| 14:20 | Research | Wheelbarrow |
| 14:27 | Age | Castle Age |
| 14:39 | Build | Town Center |
| 14:45 | Build | Town Center |
| 14:53 | Build | Monastery |
| 15:20 | Build | Town Center |
| 15:32 | Queue | Villager (Male) |
| 15:38 | Research | Bow Saw |
| 15:44 | Queue | Monk |
| 16:07 | Queue | Villager (Male) |
| 16:12 | Queue | Villager (Male) |
| 16:39 | Research | Heavy Plow |
| 16:43 | Research | Hand Cart |
| 16:43 | Research | Hand Cart |
| 16:57 | Queue | Villager (Male) |
| 16:57 | Queue | Villager (Male) |
| 17:02 | Build | Farm |
| 17:22 | Queue | Monk |
| 17:23 | Queue | Villager (Male) |
| 17:24 | Queue | Villager (Male) |
| 17:26 | Build | Farm |
| 17:27 | Build | Farm |
| 17:30 | Build | Farm |
| 17:37 | Build | Farm |
| 17:40 | Build | Farm |
| 17:42 | Build | Farm |
| 17:56 | Build | Farm |
| 18:08 | Build | Farm |
| 18:23 | Queue | Villager (Male) |
| 18:23 | Queue | Villager (Male) |
| 18:23 | Queue | Villager (Male) |
| 18:26 | Build | Farm |
| 18:27 | Build | Farm |
| 18:30 | Build | Farm |
| 18:31 | Build | Farm |
| 18:32 | Build | Farm |
| 18:34 | Queue | Villager (Male) |
| 18:34 | Queue | Villager (Male) |
| 18:42 | Build | Farm |
| 18:52 | Build | Farm |
| 18:52 | Queue | Villager (Male) |
| 18:52 | Queue | Villager (Male) |
| 18:57 | Build | Farm |
| 18:58 | Queue | Villager (Male) |
| 18:59 | Queue | Villager (Male) |
| 19:02 | Build | Farm |
| 19:06 | Build | Farm |
| 19:08 | Queue | Villager (Male) |
| 19:08 | Queue | Villager (Male) |
| 19:12 | Build | Farm |
| 19:26 | Build | Farm |
| 19:27 | Queue | Villager (Male) |
| 19:27 | Queue | Villager (Male) |
| 19:39 | Build | Farm |
| 19:49 | Queue | Villager (Male) |
| 19:49 | Queue | Villager (Male) |
| 19:54 | Queue | Villager (Male) |
| 19:54 | Queue | Villager (Male) |
| 19:59 | Build | Farm |
| 20:01 | Queue | Villager (Male) |
| 20:01 | Queue | Villager (Male) |
| 20:01 | Queue | Villager (Male) |
| 20:03 | Build | Farm |
| 20:10 | Build | Farm |
| 20:11 | Build | Farm |
| 20:13 | Build | Farm |
| 20:19 | Build | House |
| 20:23 | Build | House |
| 20:24 | Build | House |
| 20:32 | Build | House |
| 20:40 | Build | Farm |
| 20:45 | Queue | Villager (Male) |
| 20:45 | Queue | Villager (Male) |
| 20:46 | Queue | Villager (Male) |
| 20:46 | Queue | Villager (Male) |
| 20:50 | Queue | Villager (Male) |
| 20:50 | Queue | Villager (Male) |
| 20:50 | Queue | Villager (Male) |
| 20:51 | Queue | Villager (Male) |
| 20:51 | Queue | Villager (Male) |
| 21:07 | Queue | Villager (Male) |
| 21:07 | Queue | Villager (Male) |
| 21:07 | Queue | Villager (Male) |
| 21:22 | Queue | Villager (Male) |
| 21:26 | Build | House |
| 21:28 | Build | House |
| 21:33 | Queue | Villager (Male) |
| 21:34 | Queue | Villager (Male) |
| 21:36 | Queue | Villager (Male) |
| 21:36 | Queue | Villager (Male) |
| 21:40 | Build | Farm |
| 21:46 | Build | Farm |
| 21:48 | Build | Farm |
| 21:52 | Research | Gold Mining |
| 21:53 | Queue | Villager (Male) |
| 21:53 | Queue | Villager (Male) |
| 21:58 | Build | Farm |
| 21:59 | Build | Farm |
| 22:08 | Build | Farm |
| 22:09 | Build | Farm |
| 22:10 | Build | Farm |
| 22:12 | Queue | Villager (Male) |
| 22:13 | Queue | Villager (Male) |
| 22:13 | Queue | Villager (Male) |
| 22:27 | Queue | Villager (Male) |
| 22:27 | Queue | Villager (Male) |
| 22:27 | Queue | Villager (Male) |
Build order — BlackBaby
First 150 of 583 actions detected
| 0:01 | Queue | Villager (Male) |
| 0:01 | Queue | Villager (Male) |
| 0:02 | Build | House |
| 0:04 | Build | House |
| 0:19 | Queue | Villager (Male) |
| 0:21 | Queue | Villager (Male) |
| 0:40 | Research | Loom |
| 0:42 | Queue | Villager (Male) |
| 0:50 | Queue | Villager (Male) |
| 1:32 | Queue | Villager (Male) |
| 1:35 | Build | Palisade Wall |
| 2:15 | Queue | Villager (Male) |
| 2:19 | Build | Lumber Camp |
| 2:38 | Queue | Villager (Male) |
| 3:09 | Queue | Villager (Male) |
| 3:24 | Build | House |
| 3:29 | Queue | Villager (Male) |
| 4:00 | Queue | Villager (Male) |
| 4:11 | Queue | Villager (Male) |
| 4:47 | Queue | Villager (Male) |
| 4:50 | Queue | Villager (Male) |
| 5:26 | Build | House |
| 5:34 | Queue | Villager (Male) |
| 5:58 | Queue | Villager (Male) |
| 6:03 | Build | Dock |
| 6:22 | Queue | Villager (Male) |
| 6:38 | Queue | Villager (Male) |
| 6:41 | Queue | Fishing Ship |
| 7:01 | Queue | Villager (Male) |
| 7:08 | Queue | Fishing Ship |
| 7:15 | Queue | Villager (Male) |
| 7:21 | Build | House |
| 7:38 | Queue | Villager (Male) |
| 7:39 | Queue | Villager (Male) |
| 7:39 | Queue | Villager (Male) |
| 8:09 | Queue | Villager (Male) |
| 8:15 | Queue | Fishing Ship |
| 8:23 | Queue | Villager (Male) |
| 8:24 | Queue | Villager (Male) |
| 8:24 | Queue | Villager (Male) |
| 8:55 | Queue | Villager (Male) |
| 8:58 | Build | Mining Camp |
| 9:12 | Build | House |
| 9:37 | Research | Feudal Age |
| 9:53 | Build | Mill |
| 10:44 | Queue | Villager (Male) |
| 10:44 | Queue | Villager (Male) |
| 11:10 | Build | Palisade Wall |
| 11:28 | Build | Palisade Wall |
| 11:35 | Build | Palisade Wall |
| 11:38 | Build | Palisade Wall |
| 11:42 | Queue | Villager (Male) |
| 11:49 | Queue | Villager (Male) |
| 11:50 | Queue | Villager (Male) |
| 11:54 | Build | Palisade Wall |
| 11:57 | Build | Palisade Wall |
| 12:06 | Age | Feudal Age |
| 12:10 | Build | Market |
| 12:21 | Build | Watch Tower |
| 12:28 | Build | Stone Wall |
| 12:31 | Build | Stone Wall |
| 13:01 | Build | Blacksmith |
| 13:35 | Build | Stone Wall |
| 13:41 | Build | Stone Wall |
| 13:45 | Build | Mining Camp |
| 13:50 | Research | Castle Age |
| 14:08 | Build | Stone Wall |
| 14:12 | Build | Stone Wall |
| 14:24 | Build | Stone Wall |
| 14:24 | Build | Stone Wall |
| 14:42 | Build | Lumber Camp |
| 15:00 | Queue | Unit 2626 |
| 15:08 | Build | Stone Wall |
| 15:12 | Build | Stone Wall |
| 15:53 | Queue | Unit 2626 |
| 16:07 | Queue | Villager (Male) |
| 16:30 | Age | Castle Age |
| 16:33 | Queue | Villager (Male) |
| 16:37 | Build | Town Center |
| 16:52 | Build | Town Center |
| 17:23 | Build | House |
| 17:30 | Research | Town Watch |
| 17:38 | Research | Horse Collar |
| 18:02 | Build | Farm |
| 18:02 | Build | Farm |
| 18:02 | Build | Farm |
| 18:18 | Queue | Unit 2626 |
| 18:29 | Queue | Demolition Raft |
| 18:37 | Queue | Villager (Male) |
| 18:40 | Queue | Villager (Male) |
| 18:45 | Build | Farm |
| 18:46 | Build | Farm |
| 18:47 | Build | Farm |
| 18:48 | Build | Farm |
| 18:59 | Queue | Villager (Male) |
| 18:59 | Queue | Villager (Male) |
| 19:03 | Queue | Demolition Raft |
| 19:11 | Queue | Villager (Male) |
| 19:11 | Queue | Villager (Male) |
| 19:35 | Build | Stone Wall |
| 19:36 | Build | Stone Wall |
| 19:49 | Queue | Villager (Male) |
| 19:49 | Queue | Villager (Male) |
| 19:49 | Queue | Villager (Male) |
| 20:04 | Queue | Villager (Male) |
| 20:05 | Queue | Villager (Male) |
| 20:32 | Build | Castle |
| 20:35 | Build | Stone Wall |
| 20:41 | Queue | Villager (Male) |
| 20:43 | Queue | Villager (Male) |
| 20:49 | Build | Farm |
| 21:12 | Queue | Villager (Male) |
| 21:18 | Build | Watch Tower |
| 21:41 | Queue | Villager (Male) |
| 21:41 | Queue | Villager (Male) |
| 21:41 | Queue | Villager (Male) |
| 21:47 | Build | House |
| 21:48 | Build | House |
| 21:55 | Queue | Villager (Male) |
| 21:56 | Queue | Villager (Male) |
| 21:59 | Queue | Villager (Male) |
| 22:00 | Queue | Villager (Male) |
| 22:00 | Queue | Villager (Male) |
| 22:11 | Queue | Villager (Male) |
| 22:34 | Queue | Villager (Male) |
| 22:34 | Queue | Villager (Male) |
| 22:42 | Queue | Villager (Male) |
| 22:52 | Queue | Villager (Male) |
| 23:00 | Build | Farm |
| 23:02 | Build | Farm |
| 23:10 | Build | Watch Tower |
| 23:11 | Queue | Villager (Male) |
| 23:12 | Queue | Villager (Male) |
| 23:12 | Queue | Villager (Male) |
| 23:17 | Research | Fletching |
| 23:21 | Build | Farm |
| 23:24 | Queue | Villager (Male) |
| 23:39 | Queue | Villager (Male) |
| 23:48 | Queue | Villager (Male) |
| 23:48 | Queue | Villager (Male) |
| 23:48 | Queue | Villager (Male) |
| 23:51 | Queue | Villager (Male) |
| 23:57 | Build | Farm |
| 24:21 | Queue | Villager (Male) |
| 24:22 | Queue | Villager (Male) |
| 24:23 | Queue | Villager (Male) |
| 24:36 | Queue | Villager (Male) |
| 24:39 | Build | Farm |
| 24:39 | Build | Farm |
| 24:39 | Build | Farm |
Match timeline
| 0:41 | Mr.J · wall_segment Palisade Wall x11 |
| 0:44 | imugemorihasam · wall_segment Palisade Wall x8 |
| 1:34 | BderT · wall_segment Palisade Wall x6 |
| 1:35 | BlackBaby · wall_segment Palisade Wall x9 |
| 2:09 | imugemorihasam · wall_segment Palisade Wall x1 |
| 2:16 | imugemorihasam · wall_segment Palisade Wall x1 |
| 2:54 | BderT · wall_segment Palisade Wall x1 |
| 3:24 | BderT · wall_segment Palisade Wall x1 |
| 3:26 | BderT · wall_segment Palisade Wall x1 |
| 3:28 | imugemorihasam · wall_segment Palisade Wall x7 |
| 3:39 | BderT · wall_segment Palisade Wall x1 |
| 3:57 | BderT · wall_segment Palisade Wall x5 |
| 4:40 | BderT · wall_segment Palisade Wall x1 |
| 5:09 | Bonkershealer · first_building Dock |
| 5:35 | BderT · wall_segment Palisade Wall x7 |
| 5:37 | BderT · wall_segment Palisade Wall x1 |
| 5:38 | BderT · wall_segment Palisade Wall x1 |
| 5:57 | BderT · wall_segment Palisade Wall x1 |
| 6:03 | BlackBaby · first_building Dock |
| 6:24 | BderT · wall_segment Palisade Wall x8 |
| 6:28 | comastar · wall_segment Palisade Wall x7 |
| 7:30 | comastar · wall_segment Palisade Wall x8 |
| 7:41 | imugemorihasam · wall_segment Palisade Wall x1 |
| 7:45 | imugemorihasam · wall_segment Palisade Wall x1 |
| 8:25 | BderT · wall_segment Palisade Wall x1 |
| 8:33 | BderT · wall_segment Palisade Wall x1 |
| 10:31 | comastar · age_up feudal |
| 10:34 | aoclearnarabia · age_up feudal |
| 10:37 | PabloEscobar · age_up feudal |
| 10:41 | BderT · wall_segment Palisade Wall x9 |
| 10:51 | Mr.J · age_up feudal |
| 11:10 | BlackBaby · wall_segment Palisade Wall x11 |
| 11:28 | imugemorihasam · age_up feudal |
| 11:28 | BlackBaby · wall_segment Palisade Wall x1 |
| 11:28 | aoclearnarabia · first_market_sell 100 wood |
| 11:35 | BlackBaby · wall_segment Palisade Wall x4 |
| 11:38 | BlackBaby · wall_segment Palisade Wall x1 |
| 11:51 | aoclearnarabia · wall_segment Palisade Wall x13 |
| 11:54 | BlackBaby · wall_segment Palisade Wall x12 |
| 11:57 | BlackBaby · wall_segment Palisade Wall x1 |
| 12:06 | BlackBaby · age_up feudal |
| 12:07 | comastar · wall_segment Stone Wall x1 |
| 12:09 | comastar · wall_segment Stone Wall x6 |
| 12:28 | BlackBaby · wall_segment Stone Wall x6 |
| 12:31 | BlackBaby · wall_segment Stone Wall x1 |
| 12:37 | Mr.J · first_market_buy 100 stone |
| 12:40 | Bonkershealer · age_up feudal |
| 12:46 | BderT · age_up feudal |
| 13:17 | Mr.J · first_building Dock |
| 13:22 | imugemorihasam · wall_segment Stone Wall x7 |
| 13:35 | BlackBaby · wall_segment Stone Wall x6 |
| 13:41 | BlackBaby · wall_segment Stone Wall x7 |
| 13:59 | BlackBaby · first_market_sell 100 food |
| 14:02 | BlackBaby · first_market_buy 100 stone |
| 14:05 | comastar · age_up castle |
| 14:07 | comastar · first_building Siege Workshop |
| 14:08 | BlackBaby · wall_segment Stone Wall x3 |
| 14:09 | aoclearnarabia · age_up castle |
| 14:10 | BderT · wall_segment Stone Wall x8 |
| 14:12 | BlackBaby · wall_segment Stone Wall x4 |
| 14:17 | BderT · wall_segment Stone Wall x10 |
| 14:24 | BlackBaby · wall_segment Stone Wall x3 |
| 14:24 | BlackBaby · wall_segment Stone Wall x1 |
| 14:27 | PabloEscobar · age_up castle |
| 14:29 | BderT · first_building Barracks |
| 14:30 | Mr.J · wall_segment Stone Wall x9 |
| 14:53 | PabloEscobar · first_building Monastery |
| 15:02 | imugemorihasam · age_up castle |
| 15:04 | imugemorihasam · first_building Siege Workshop |
| 15:04 | PabloEscobar · first_market_buy 100 stone |
| 15:08 | BlackBaby · wall_segment Stone Wall x1 |
| 15:12 | BlackBaby · wall_segment Stone Wall x1 |
| 15:16 | BderT · wall_segment Stone Wall x1 |
| 15:16 | imugemorihasam · first_market_sell 100 food |
| 15:17 | imugemorihasam · first_market_buy 100 wood |
| 15:20 | BderT · wall_segment Stone Wall x1 |
| 15:44 | BderT · first_building Stable |
| 15:48 | comastar · first_market_sell 100 stone |
| 15:54 | BderT · wall_segment Stone Wall x1 |
| 16:00 | BderT · wall_segment Stone Wall x1 |
| 16:17 | imugemorihasam · wall_segment Stone Wall x1 |
| 16:29 | BderT · age_up castle |
| 16:30 | BlackBaby · age_up castle |
| 17:22 | BderT · first_market_sell 100 wood |
| 17:41 | Mr.J · age_up castle |
| 17:57 | Mr.J · first_market_sell 100 wood |
| 18:20 | Bonkershealer · first_building Barracks |
| 18:28 | Mr.J · first_building Castle |
| 19:24 | BderT · wall_segment Stone Wall x4 |
| 19:25 | Bonkershealer · first_building Siege Workshop |
| 19:35 | BlackBaby · wall_segment Stone Wall x13 |
| 19:36 | BlackBaby · wall_segment Stone Wall x1 |
| 19:37 | Bonkershealer · first_building Stable |
| 19:39 | BderT · first_market_buy 100 wood |
| 19:45 | BderT · first_building Monastery |
| 20:30 | aoclearnarabia · wall_segment Stone Wall x2 |
| 20:31 | aoclearnarabia · wall_segment Stone Wall x7 |
| 20:32 | BlackBaby · first_building Castle |
| 20:35 | BlackBaby · wall_segment Stone Wall x1 |
| 20:56 | BderT · wall_segment Stone Wall x3 |
| 21:39 | Bonkershealer · age_up castle |
| 22:22 | comastar · first_market_buy 100 food |
| 22:23 | aoclearnarabia · first_building Siege Workshop |
| 22:52 | aoclearnarabia · first_building Monastery |
| 23:45 | imugemorihasam · first_building Barracks |
| 23:59 | aoclearnarabia · first_building Barracks |
| 24:48 | aoclearnarabia · first_building Archery Range |
| 25:22 | aoclearnarabia · first_building Castle |
| 27:15 | PabloEscobar · first_building Castle |
| 27:17 | imugemorihasam · wall_segment Stone Wall x1 |
| 27:18 | Mr.J · wall_segment Stone Wall x4 |
| 27:30 | imugemorihasam · first_building Castle |
| 27:53 | PabloEscobar · first_building Barracks |
| 28:12 | aoclearnarabia · age_up imperial |
| 28:17 | aoclearnarabia · first_market_buy 100 wood |
| 28:23 | Bonkershealer · first_building Monastery |
| 28:31 | PabloEscobar · age_up imperial |
| 28:46 | PabloEscobar · first_building Stable |
| 28:50 | Mr.J · wall_segment Stone Wall x5 |
| 28:57 | Mr.J · wall_segment Stone Wall x3 |
| 28:58 | Mr.J · wall_segment Stone Wall x1 |
| 28:59 | Mr.J · wall_segment Stone Wall x1 |
| 29:01 | Mr.J · wall_segment Stone Wall x8 |
| 29:43 | BlackBaby · first_building Monastery |
| 29:58 | BlackBaby · first_building Barracks |
| 30:04 | imugemorihasam · wall_segment Stone Wall x3 |
| 30:07 | imugemorihasam · wall_segment Stone Wall x1 |
| 30:08 | imugemorihasam · wall_segment Stone Wall x1 |
| 30:18 | PabloEscobar · first_building Siege Workshop |
| 30:41 | Mr.J · wall_segment Stone Wall x6 |
| 30:47 | Mr.J · wall_segment Stone Wall x9 |
| 30:50 | BlackBaby · first_building Stable |
| 31:57 | Mr.J · first_building Barracks |
| 32:06 | Mr.J · wall_segment Stone Wall x1 |
| 32:08 | Mr.J · wall_segment Stone Wall x1 |
| 32:18 | Bonkershealer · age_up imperial |
| 32:31 | imugemorihasam · age_up imperial |
| 32:38 | Mr.J · wall_segment Stone Wall x7 |
| 32:41 | comastar · first_building Castle |
| 32:54 | Mr.J · wall_segment Stone Wall x6 |
| 33:03 | BlackBaby · age_up imperial |
| 33:13 | aoclearnarabia · first_building Dock |
| 33:19 | Mr.J · first_building Siege Workshop |
| 33:30 | comastar · wall_segment Stone Wall x1 |
| 33:36 | comastar · wall_segment Stone Wall x1 |
| 34:03 | Mr.J · wall_segment Stone Wall x1 |
| 34:08 | Bonkershealer · first_market_sell 500 wood |
| 34:10 | comastar · wall_segment Stone Wall x4 |
| 34:21 | comastar · wall_segment Stone Wall x1 |
| 34:37 | Mr.J · age_up imperial |
| 35:19 | BlackBaby · first_building Siege Workshop |
| 36:25 | BlackBaby · wall_segment Palisade Wall x1 |
| 37:19 | BderT · wall_segment Stone Wall x1 |
| 37:22 | Bonkershealer · tribute_sent a jugador 2 |
| 37:22 | Bonkershealer · tribute_sent a jugador 3 |
| 37:22 | Bonkershealer · tribute_sent a jugador 4 |
| 37:22 | Bonkershealer · tribute_sent a jugador 5 |
| 37:22 | Bonkershealer · tribute_sent a jugador 6 |
| 37:22 | Bonkershealer · tribute_sent a jugador 7 |
| 37:22 | Bonkershealer · tribute_sent a jugador 8 |
| 37:23 | BderT · wall_segment Stone Wall x1 |
| 37:29 | BderT · wall_segment Stone Wall x1 |
| 37:35 | BlackBaby · wall_segment Stone Wall x2 |
| 37:50 | BlackBaby · wall_segment Stone Wall x1 |
| 37:52 | BlackBaby · wall_segment Stone Wall x1 |
| 38:25 | comastar · age_up imperial |
| 38:41 | Bonkershealer · first_building Castle |
| 40:04 | imugemorihasam · first_building Monastery |
| 44:09 | BderT · first_building Siege Workshop |
| 44:55 | aoclearnarabia · tribute_sent a jugador 1 |
| 44:55 | aoclearnarabia · tribute_sent a jugador 3 |
| 44:55 | aoclearnarabia · tribute_sent a jugador 4 |
| 44:55 | aoclearnarabia · tribute_sent a jugador 5 |
| 44:55 | aoclearnarabia · tribute_sent a jugador 6 |
| 44:55 | aoclearnarabia · tribute_sent a jugador 7 |
| 44:55 | aoclearnarabia · tribute_sent a jugador 8 |
| 45:10 | BderT · age_up imperial |
| 45:40 | PabloEscobar · wall_segment Stone Wall x1 |
| 45:47 | Bonkershealer · tribute_sent a jugador 2 |
| 45:47 | Bonkershealer · tribute_sent a jugador 3 |
| 45:47 | Bonkershealer · tribute_sent a jugador 4 |
| 45:47 | Bonkershealer · tribute_sent a jugador 5 |
| 45:47 | Bonkershealer · tribute_sent a jugador 6 |
| 45:47 | Bonkershealer · tribute_sent a jugador 7 |
| 45:47 | Bonkershealer · tribute_sent a jugador 8 |
| 46:25 | PabloEscobar · wall_segment Palisade Wall x1 |
| 46:27 | PabloEscobar · wall_segment Palisade Wall x1 |
| 46:28 | PabloEscobar · wall_segment Palisade Wall x1 |
| 48:26 | PabloEscobar · tribute_sent a jugador 1 |
| 48:26 | PabloEscobar · tribute_sent a jugador 2 |
| 48:26 | PabloEscobar · tribute_sent a jugador 3 |
| 48:26 | PabloEscobar · tribute_sent a jugador 4 |
| 48:26 | PabloEscobar · tribute_sent a jugador 5 |
| 48:26 | PabloEscobar · tribute_sent a jugador 7 |
| 48:26 | PabloEscobar · tribute_sent a jugador 8 |
| 51:23 | PabloEscobar · tribute_sent a jugador 1 |
| 51:23 | PabloEscobar · tribute_sent a jugador 2 |
| 51:23 | PabloEscobar · tribute_sent a jugador 3 |
| 51:23 | PabloEscobar · tribute_sent a jugador 4 |
| 51:23 | PabloEscobar · tribute_sent a jugador 5 |
| 51:23 | PabloEscobar · tribute_sent a jugador 7 |
| 51:23 | PabloEscobar · tribute_sent a jugador 8 |
| 51:53 | aoclearnarabia · resign |
[ AI ANALYSIS · 1 CREDIT ]
What really happened in this match?
Wolo.gg analyzes every decision: build order, eco, micro, common mistakes by bracket. Personalized analysis on WhatsApp or Discord in 30 seconds.
Civ guide
Shu
Perfil
Jugador #2121463